[Event "Titled Tuesday Blitz June 28 Late 2022"]
[White "Flynn, Jacob"]
[Black "Brodowski, Piotr"]
[WhiteFideId "2509393"]
[BlackFideId "1124480"]
[WhiteElo "1896"]
[BlackElo "2431"]
[Result "0-1"]
[Round "10"]
[TimeControl "180+1"]
[Date "2022.06.29"]
[WhiteClock "0:00:05"]
[BlackClock "0:01:27"]

1. d4 e5 2. dxe5 d6 3. exd6 Bxd6 4. Nf3 Ke7 5. Nc3 Nf6 6. Bg5 c6 7. Ne4 Re8 8. Bxf6+ gxf6 9. Qxd6+ Qxd6 10. Nxd6 Kxd6 11. O-O-O+ Kc7 12. e3 Be6 13. Bd3 h6 14. Nd4 Nd7 15. h3 a5 16. g4 Nc5 17. a3 b5 18. b3 a4 19. b4 Nd7 20. Be2 Nb6 21. Bf3 Bd7 22. Rd3 Re5 23. Rhd1 Rae8 24. Bg2 R8e7 25. Rc3 Nc4 26. Bf1 Nd6 27. Kd2 Ne4+ 28. Kd3 Nxf2+ 29. Ke2 Nxd1 30. Kxd1 Kb6 31. Bg2 Rxe3 32. Rxe3 Rxe3 33. Kd2 Rg3 34. Be4 Rxh3 35. Nf5 Bxf5 0-1


[Site "https://www.chess.com"]

[Event "Titled Tuesday Blitz June 28 Late 2022"]
[White "Gaehwiler, Gabriel"]
[Black "Mickiewicz, Piotr"]
[WhiteFideId "1314530"]
[BlackFideId "1114891"]
[WhiteElo "2383"]
[BlackElo "2209"]
[Result "1-0"]
[Round "10"]
[TimeControl "180+1"]
[Date "2022.06.28"]
[WhiteClock "0:00:07"]
[BlackClock "0:00:07"]

1. Nf3 g6 2. c4 Bg7 3. g3 c5 4. Bg2 Nc6 5. O-O d6 6. Na3 Nf6 7. Nc2 O-O 8. d4 Bf5 9. d5 Na5 10. Ne3 Be4 11. Bd2 Nd7 12. Qa4 b6 13. Bc1 a6 14. Nd2 Bxg2 15. Kxg2 b5 16. Qc2 Ne5 17. cxb5 axb5 18. Rb1 b4 19. b3 Nb7 20. Ndc4 Nd7 21. h4 f5 22. h5 Nf6 23. hxg6 hxg6 24. Rh1 Ne4 25. a4 bxa3 26. Bxa3 Nc3 27. Rbe1 Nb5 28. Bb2 Nd4 29. Qd3 Ra2 30. Ra1 Qa8 31. Nd2 Rxb2 32. Rxa8 Rxa8 33. Nec4 Rba2 34. e3 Nc2 35. Nb6 Nb4 36. Qb5 Rf8 37. Nf3 Bf6 38. Qd7 Nd3 39. Rf1 Na5 40. Qe6+ Kg7 41. Nd7 Rf7 42. Nxf6 exf6 43. Qxd6 Nxb3 44. Qb6 c4 45. d6 Nd2 46. Rd1 Ne4 47. Rf1 Ndxf2 48. Qb1 Re2 49. Re1 Nc3 50. Qa1 Nd3+ 51. Rxe2 Nxe2 52. Qa2 c3 53. Qxe2 Nb4 54. Ne1 c2 55. Nxc2 Nd5 56. Qd3 Nb6 57. Nd4 Nd7 58. Ne6+ Kg8 59. Qd5 1-0


[Site "https://www.chess.com"]

[Event "Titled Tuesday Blitz June 28 Late 2022"]
[White "Glavina, Pablo"]
[Black "Pershin, Denis"]
[WhiteFideId "100234"]
[BlackFideId "24165506"]
[WhiteElo "2369"]
[BlackElo "2275"]
[Result "1-0"]
[Round "10"]
[TimeControl "180+1"]
[Date "2022.06.28"]
[WhiteClock "0:00:45"]
[BlackClock "0:00:02"]

1. e4 c6 2. d3 d5 3. Nf3 Qc7 4. g3 Bg4 5. h3 Bh5 6. Bg2 e6 7. Nc3 Nd7 8. O-O Bb4 9. Ne2 dxe4 10. dxe4 O-O-O 11. c3 Bxf3 12. Bxf3 Ne5 13. Nd4 Bc5 14. Bg2 Ne7 15. b4 Bb6 16. a4 a5 17. bxa5 Bxa5 18. Qb3 Nd3 19. Ba3 Rhe8 20. Rfb1 e5 21. Ne2 Ng8 22. Bb4 Bb6 23. Rf1 f5 24. a5 Ba7 25. a6 b5 26. Ba5 Bxf2+ 27. Kh2 Qa7 28. Bxd8 Rxd8 29. Qe6+ Kc7 30. exf5 Rd6 31. Qxg8 Qe3 32. Qxg7+ Rd7 33. Qf6 Qxe2 34. Qxc6+ Kd8 35. Qf3 Bxg3+ 36. Qxg3 Nf4 37. a7 1-0


[Site "https://www.chess.com"]

[Event "Titled Tuesday Blitz June 28 Late 2022"]
[White "Hakobyan, Aram"]
[Black "Yoo, Christopher Woojin"]
[WhiteFideId "13306677"]
[BlackFideId "30909694"]
[WhiteElo "2557"]
[BlackElo "2105"]
[Result "0-1"]
[Round "10"]
[TimeControl "180+1"]
[Date "2022.06.28"]
[WhiteClock "0:00:03"]
[BlackClock "0:00:07"]

1. e4 e6 2. d4 d5 3. Nc3 Nf6 4. Bg5 Be7 5. e5 Nfd7 6. h4 Bxg5 7. hxg5 Qxg5 8. Nh3 Qh4 9. g3 Qe7 10. Nf4 Nc6 11. Nb5 Nb6 12. Nh5 a6 13. Nc3 Qb4 14. Rh4 Qxb2 15. Ne2 Nb4 16. Rc1 Bd7 17. Nxg7+ Kd8 18. a3 Qxa3 19. c3 Ba4 20. Qd2 Nc6 21. Nf4 Na5 22. Nfxe6+ fxe6 23. Nxe6+ Kc8 24. Nc5 Nb3 25. Nxb3 Qxb3 26. Bd3 Nc4 27. Bxc4 Qxc4 28. f4 Bd7 29. g4 Rg8 30. f5 a5 31. e6 Bxe6 32. fxe6 Ra6 33. Rh6 Re8 34. Qe3 a4 35. Kf2 a3 36. g5 a2 37. Qh3 a1=Q 38. e7+ Kb8 39. Rxa1 Rxa1 40. Qd7 Qf1+ 41. Kg3 Qg1+ 42. Kh4 Qe1+ 43. Kh5 Qe2+ 44. Qg4 Rh1# 0-1


[Site "https://www.chess.com"]

[Event "Titled Tuesday Blitz June 28 Late 2022"]
[White "Hansen, Eric"]
[Black "Bjelobrk, Igor"]
[WhiteFideId "2606771"]
[BlackFideId "4300726"]
[WhiteElo "2568"]
[BlackElo "2335"]
[Result "0-1"]
[Round "10"]
[TimeControl "180+1"]
[Date "2022.06.28"]
[WhiteClock "0:00:01"]
[BlackClock "0:00:02"]

1. e4 e5 2. Nf3 Nc6 3. Bb5 a6 4. Ba4 Bc5 5. c3 Nge7 6. d4 Ba7 7. O-O Ng6 8. Bg5 f6 9. Be3 O-O 10. Nbd2 d6 11. h3 Kh8 12. Re1 Bd7 13. Bc2 a5 14. a3 Qe8 15. Nf1 a4 16. Ng3 b5 17. Nf5 Na5 18. Nd2 Ne7 19. Ng3 Nec6 20. Ne2 Qf7 21. Bd3 Rfb8 22. d5 Ne7 23. Bxa7 Rxa7 24. f4 c6 25. dxc6 Bxc6 26. Rf1 Rc7 27. Nf3 Qe6 28. Qe1 Nc4 29. Rb1 Rcb7 30. Qg3 Rb6 31. Kh2 Ba8 32. Qf2 Bc6 33. Rfe1 Ba8 34. Red1 Bc6 35. Kg1 Ba8 36. Bc2 Bc6 37. Nd2 Na5 38. Rf1 Ba8 39. Ng3 Bc6 40. Rfd1 Be8 41. Ndf1 Nc4 42. Bd3 R6b7 43. f5 Qd7 44. Bxc4 bxc4 45. Ne3 Bf7 46. Rd2 Qc7 47. Rbd1 Rb6 48. Ng4 R8b7 49. h4 Qb8 50. Qe3 Rc6 51. h5 d5 52. h6 gxh6 53. Qxh6 Ng8 54. Qh4 Rxb2 55. exd5 Rd6 56. Ne4 Rxd2 57. Rxd2 Qb1+ 0-1


[Site "https://www.chess.com"]

[Event "Titled Tuesday Blitz June 28 Late 2022"]
[White "Howell, David W L"]
[Black "Gurevich, Dmitry"]
[WhiteFideId "410608"]
[BlackFideId "2000407"]
[WhiteElo "2559"]
[BlackElo "2506"]
[Result "1-0"]
[Round "10"]
[TimeControl "180+1"]
[Date "2022.06.28"]
[WhiteClock "0:00:09"]
[BlackClock "0:00:11"]

1. Na3 Nf6 2. f4 d5 3. Nf3 g6 4. b4 Bg7 5. Bb2 O-O 6. e3 a5 7. b5 c5 8. bxc6 Nxc6 9. Rb1 Bf5 10. Nb5 Nb4 11. Nfd4 Bd7 12. c3 Nc6 13. Ba3 Re8 14. Be2 Bf5 15. Nxf5 gxf5 16. O-O a4 17. Kh1 Na5 18. Bc5 Nc4 19. Bd4 e6 20. g4 fxg4 21. Bxg4 Kh8 22. Rg1 Rg8 23. Bf3 a3 24. d3 Nb2 25. Qe2 Qe7 26. Rg5 h6 27. Rg3 Nh7 28. Rxg7 Rxg7 29. Bxg7+ Kxg7 30. Rg1+ Kh8 31. Qg2 Qf6 32. Nd6 Nxd3 33. Bh5 Ng5 34. h4 Rg8 35. hxg5 hxg5 36. Nxf7+ Kh7 37. Nxg5+ Kh6 38. Be2 Rh8 39. Nf7+ Qxf7 40. Qh2+ 1-0


[Site "https://www.chess.com"]

[Event "Titled Tuesday Blitz June 28 Late 2022"]
[White "Ibarra Jerez, Jose Carlos"]
[Black "Navarrete Mendez, Gonzalo Alberto"]
[WhiteFideId "2226332"]
[BlackFideId "5106850"]
[WhiteElo "2628"]
[BlackElo "2261"]
[Result "1-0"]
[Round "10"]
[TimeControl "180+1"]
[Date "2022.06.28"]
[WhiteClock "0:00:40"]
[BlackClock "0:00:01"]

1. e4 e5 2. Nf3 Nc6 3. Nc3 Nf6 4. g3 Nxe4 5. Nxe4 d5 6. Nc3 d4 7. Bg2 dxc3 8. bxc3 Bc5 9. O-O O-O 10. Re1 Re8 11. d3 Bb6 12. Nd2 h6 13. Qh5 Be6 14. Ba3 Bd5 15. Bxd5 Qxd5 16. Ne4 Re6 17. Bc1 Rf8 18. g4 Rg6 19. Kf1 Qe6 20. g5 Qf5 21. Be3 Ne7 22. Ng3 Qe6 23. gxh6 Bxe3 24. hxg7 Kxg7 25. Rxe3 Rh8 26. Qxe5+ Qxe5 27. Rxe5 Nc6 28. Rh5 Rxh5 29. Nxh5+ Kh6 30. Ng3 Na5 31. Rb1 Ra6 32. Rb5 b6 33. Nf5+ Kg6 34. Ne3 c5 35. Kg2 Nc6 36. Rb2 Ne5 37. f4 Nd7 38. Kf3 Kg7 39. c4 Ra3 40. Nd5 Nf6 41. Nxf6 Kxf6 42. Ke4 Kg6 43. Ke5 Rc3 44. h4 Kg7 45. f5 1-0


[Site "https://www.chess.com"]

[Event "Titled Tuesday Blitz June 28 Late 2022"]
[White "Janaszak, Dawid"]
[Black "Rios Escobar, Adan"]
[WhiteFideId "1119206"]
[BlackFideId "3403645"]
[WhiteElo "2199"]
[BlackElo "2478"]
[Result "1/2-1/2"]
[Round "10"]
[TimeControl "180+1"]
[Date "2022.06.28"]
[WhiteClock "0:02:21"]
[BlackClock "0:01:44"]

1. d4 Nf6 2. Bf4 b6 3. Nf3 Bb7 4. e3 g6 5. h4 Bg7 6. Nbd2 d6 7. Bc4 e6 8. Qe2 Nbd7 9. O-O-O Qe7 10. Ba6 Bxa6 11. Qxa6 O-O 12. h5 Nxh5 13. Bg5 Bf6 14. Bh6 Bg7 15. Bg5 Bf6 16. Bh6 Bg7 17. Bg5 1/2-1/2


[Site "https://www.chess.com"]

[Event "Titled Tuesday Blitz June 28 Late 2022"]
[White "Jessel, Stephen"]
[Black "Ladopoulos, Dimitrios"]
[WhiteFideId "628859"]
[BlackFideId "4239580"]
[WhiteElo "2268"]
[BlackElo "2195"]
[Result "1-0"]
[Round "10"]
[TimeControl "180+1"]
[Date "2022.06.28"]
[WhiteClock "0:00:05"]
[BlackClock "0:01:26"]

1. Nf3 Nf6 2. c4 g6 3. b4 Bg7 4. Bb2 O-O 5. g3 c6 6. Bg2 d5 7. cxd5 cxd5 8. O-O Re8 9. d3 Nbd7 10. e3 e5 11. Qb3 e4 12. dxe4 dxe4 13. Ng5 Ne5 14. Bxe5 Rxe5 15. Nxf7 Be6 16. Nxd8 Bxb3 17. axb3 Rxd8 18. Rxa7 Rb5 19. Ra4 Rd3 20. Na3 Rbd5 21. Rb1 Bf8 22. Bf1 Rd1 23. Rxd1 Rxd1 24. Kg2 Rd2 25. Nc4 Rc2 26. Ne5 Bd6 27. Ra8+ Kg7 28. Nc4 Bxb4 29. Rb8 Be1 30. Rxb7+ Kh6 31. Ne5 Rxf2+ 32. Kg1 Rf5 33. Nf7+ Kh5 34. Be2+ Ng4 35. h3 Bf2+ 36. Kg2 1-0


[Site "https://www.chess.com"]

[Event "Titled Tuesday Blitz June 28 Late 2022"]
[White "Jobava, Baadur"]
[Black "Perske, Thore"]
[WhiteFideId "13601520"]
[BlackFideId "12902195"]
[WhiteElo "2617"]
[BlackElo "2315"]
[Result "0-1"]
[Round "10"]
[TimeControl "180+1"]
[Date "2022.06.28"]
[WhiteClock "0:02:14"]
[BlackClock "0:00:28"]

1. e4 e6 2. d4 d5 3. exd5 exd5 4. Nf3 Nc6 5. Bd3 Bg4 6. O-O Bd6 7. h3 Bh5 8. c3 Nge7 9. Nbd2 Qd7 10. a4 Bg6 11. Qc2 Bxd3 12. Qxd3 Qf5 13. Qxf5 Nxf5 14. g4 Nfe7 15. Re1 f6 16. Nf1 Kf7 17. Kg2 h5 18. b4 hxg4 19. hxg4 Ng6 20. Ng3 Bxg3 21. fxg3 Nce7 22. b5 Nc8 23. Ba3 Nb6 24. a5 Nc4 25. a6 bxa6 26. bxa6 Rab8 27. Re2 Rb3 28. Bc5 Rxc3 29. Ng5+ fxg5 30. Rf1+ Nf4+ 31. gxf4 Ne3+ 32. Rxe3 Rxe3 33. Bxa7 Ra8 34. Bc5 Rxa6 35. fxg5+ Kg6 36. Rf2 Rae6 37. Kf1 Re1+ 0-1


[Site "https://www.chess.com"]

[Event "Titled Tuesday Blitz June 28 Late 2022"]
[White "Jorajuria Mendoza, Algol"]
[Black "Manukian, Artak"]
[WhiteFideId "5128897"]
[BlackFideId "13301373"]
[WhiteElo "1600"]
[BlackElo "2465"]
[Result "0-1"]
[Round "10"]
[TimeControl "180+1"]
[Date "2022.06.29"]
[WhiteClock "0:00:07"]
[BlackClock "0:01:13"]

1. e4 c6 2. d4 d5 3. e5 Bf5 4. h4 h5 5. c4 e6 6. Nc3 Nd7 7. Nge2 Ne7 8. Ng3 Bg6 9. Bg5 Qb6 10. Rc1 Qxb2 11. Be2 dxc4 12. Bxc4 Nd5 13. Nce4 Bb4+ 14. Kf1 N7b6 15. Bb3 a5 16. Rb1 Qa3 17. Bc1 a4 18. Bxa3 axb3 19. Bxb4 bxa2 20. Ra1 Nxb4 21. Qb3 N6d5 22. Ke2 O-O 23. f3 Ra7 24. Kf2 Rfa8 25. Ne2 Ra3 26. Qc4 b5 27. Qxb4 Nxb4 28. Nf4 Bxe4 29. fxe4 Nc2 0-1


[Site "https://www.chess.com"]

[Event "Titled Tuesday Blitz June 28 Late 2022"]
[White "Katz, Alexander"]
[Black "Estrada Nieto, Julian"]
[WhiteFideId "2039796"]
[BlackFideId "5101018"]
[WhiteElo "2371"]
[BlackElo "2252"]
[Result "1-0"]
[Round "10"]
[TimeControl "180+1"]
[Date "2022.06.28"]
[WhiteClock "0:00:17"]
[BlackClock "0:00:01"]

1. d4 d5 2. c4 dxc4 3. e3 Nf6 4. Bxc4 e6 5. Nc3 c5 6. Nf3 a6 7. O-O b5 8. Be2 Bb7 9. a4 b4 10. Nb1 Nbd7 11. b3 Be7 12. Bb2 O-O 13. Nbd2 a5 14. Nc4 Rc8 15. Qc2 cxd4 16. Nxd4 Be4 17. Qd1 Nc5 18. f3 Bd5 19. e4 Ba8 20. Qe1 Nfd7 21. Qg3 Bh4 22. Qh3 Bf6 23. Rad1 Qe7 24. Nxa5 Rfd8 25. Bb5 Bxd4+ 26. Bxd4 e5 27. Be3 Nf6 28. Rxd8+ Rxd8 29. Rc1 Ne6 30. Qf5 h6 31. Qxe5 Nd7 32. Qb2 Ng5 33. Qd2 Ne5 34. Qe2 Ne6 35. Rd1 Rxd1+ 36. Qxd1 Nc5 37. Qd4 Ned7 38. Bc4 Ne6 39. Qa7 Qd8 40. h3 Ng5 41. Bxg5 hxg5 42. Bd5 Bxd5 43. exd5 Nf6 44. Nc6 Qe8 45. Qd4 Kh7 46. Qd3+ g6 47. Kf2 Qd7 48. Ne5 Qxd5 49. Qxd5 Nxd5 50. Nxf7 g4 51. hxg4 Kg7 52. Ne5 Kf6 53. Nd3 g5 54. g3 Ke6 55. f4 Kf6 56. Kf3 Nc3 57. Nxb4 1-0


[Site "https://www.chess.com"]

[Event "Titled Tuesday Blitz June 28 Late 2022"]
[White "Keymer, Vincent"]
[Black "Preotu, Razvan"]
[WhiteFideId "12940690"]
[BlackFideId "2613280"]
[WhiteElo "2548"]
[BlackElo "2407"]
[Result "1-0"]
[Round "10"]
[TimeControl "180+1"]
[Date "2022.06.28"]
[WhiteClock "0:01:03"]
[BlackClock "0:00:07"]

1. Nf3 c5 2. c4 Nc6 3. Nc3 g6 4. e3 Nf6 5. d4 cxd4 6. exd4 d5 7. cxd5 Nxd5 8. Qb3 e6 9. Bb5 Bg7 10. O-O O-O 11. Bxc6 bxc6 12. Na4 Qd6 13. Re1 Rb8 14. Qd1 Ne7 15. b3 c5 16. Ba3 Qd5 17. Bxc5 Re8 18. Bxa7 Rb7 19. Bc5 Nf5 20. Nb6 Rxb6 21. Bxb6 Bb7 22. Rc1 Ba8 23. a4 Bh6 24. Rc5 Qb7 25. a5 Bf8 26. Rc7 Qd5 27. Qc2 Bd6 28. Rc8 Rxc8 29. Qxc8+ Kg7 30. Qc4 Qb7 31. d5 exd5 32. Bd4+ f6 33. Qd3 Qb4 34. Bc3 Qxb3 35. Bxf6+ 1-0


[Site "https://www.chess.com"]

[Event "Titled Tuesday Blitz June 28 Late 2022"]
[White "Kim, Sergey"]
[Black "Chernomordik, Pavel"]
[WhiteFideId "13700570"]
[BlackFideId "2804530"]
[WhiteElo "2587"]
[BlackElo "2220"]
[Result "1-0"]
[Round "10"]
[TimeControl "180+1"]
[Date "2022.06.29"]
[WhiteClock "0:00:26"]
[BlackClock "0:00:11"]

1. d4 g6 2. c4 Bg7 3. Nc3 d6 4. e4 c6 5. Nge2 a6 6. a4 a5 7. Ng3 Na6 8. Be2 Nb4 9. O-O Nf6 10. Be3 h5 11. f3 h4 12. Nh1 Nh5 13. f4 Qb6 14. Qd2 Qc7 15. Nf2 e5 16. fxe5 dxe5 17. d5 Nf4 18. c5 O-O 19. Bc4 h3 20. g3 Ng2 21. d6 Qd8 22. Bg5 Qe8 23. Be7 Kh7 24. Nd3 Bh6 25. Qe2 Nxd3 26. Qxd3 Ne3 27. Bxf8 Nxf1 28. Bxh6 Kxh6 29. Rxf1 Be6 30. Bxe6 Qxe6 31. Nd1 Rd8 32. Nf2 b6 33. Qe3+ Kg7 34. Rd1 bxc5 35. Qxc5 Rb8 36. d7 Rd8 37. Qd6 Qb3 38. Qxe5+ Kh7 39. Qd4 Qf3 40. Kf1 Qg2+ 41. Ke2 c5 42. Qf6 Rb8 43. d8=Q Rxd8 44. Rxd8 1-0


[Site "https://www.chess.com"]

[Event "Titled Tuesday Blitz June 28 Late 2022"]
[White "Lashkin, Jegor"]
[Black "Schekachikhin, Maksim"]
[WhiteFideId "13907808"]
[BlackFideId "24177830"]
[WhiteElo "2368"]
[BlackElo "2239"]
[Result "0-1"]
[Round "10"]
[TimeControl "180+1"]
[Date "2022.06.28"]
[WhiteClock "0:00:14"]
[BlackClock "0:00:08"]

1. d4 d5 2. c4 c6 3. Nc3 dxc4 4. a4 Nf6 5. e4 e5 6. d5 Bb4 7. Bxc4 Nxe4 8. Ne2 O-O 9. O-O Nxc3 10. bxc3 Bc5 11. Ng3 cxd5 12. Bxd5 Nc6 13. Qf3 Qc7 14. Nh5 Ne7 15. Bb3 Ng6 16. Re1 Bd7 17. Bh6 Bc6 18. Qf5 Qb6 19. Rab1 Bxf2+ 20. Qxf2 Qxf2+ 21. Kxf2 gxh6 22. Nf6+ Kg7 23. Ng4 f6 24. Ne3 Ne7 25. Rbd1 Rad8 26. a5 f5 27. Nc4 Rxd1 28. Rxd1 Bd5 29. Rb1 Bxc4 30. Bxc4 Rc8 31. Rxb7 Rxc4 32. Rxe7+ Kf6 33. Rxa7 Rxc3 34. Rxh7 Ra3 35. Rxh6+ Kg5 36. Ra6 Kf4 37. g3+ Ke4 38. Kg2 Ra2+ 39. Kh3 Kf3 40. Rf6 f4 41. a6 Ke3 42. gxf4 exf4 43. Kg4 Rg2+ 44. Kh3 Ra2 45. Re6+ Kf3 46. Rb6 Ke4 47. Re6+ Kf3 48. Rb6 Ke4 49. Rb4+ Kf3 50. Rb3+ Ke4 51. Rb6 Ke3 52. Rc6 f3 53. Re6+ Kf2 54. Rf6 Ke2 55. Kg3 Ra3 56. Re6+ Kf1 57. a7 f2+ 58. Kf4 Rxa7 59. Rb6 Kg2 60. Rb2 Rf7+ 61. Ke3 Kg1 62. h4 f1=Q 63. h5 Qf4+ 64. Kd3 Rd7+ 65. Kc3 Qe5+ 66. Kc2 Qxb2+ 67. Kxb2 Rh7 68. Kc3 Rxh5 69. Kd4 Rf5 70. Ke4 Rf2 71. Ke3 Kg2 72. Kd4 Kg3 73. Ke3 Rf3+ 74. Kd4 Kf4 75. Kd5 Re3 76. Kc4 Ke4 77. Kb5 Rc3 78. Ka4 Kd4 79. Kb4 Kd3 80. Kb5 Rc4 0-1


[Site "https://www.chess.com"]

[Event "Titled Tuesday Blitz June 28 Late 2022"]
[White "Lauridsen, Jesper Morch"]
[Black "De La Colina, Nicolas"]
[WhiteFideId "1401890"]
[BlackFideId "30946921"]
[WhiteElo "2248"]
[BlackElo "2046"]
[Result "1-0"]
[Round "10"]
[TimeControl "180+1"]
[Date "2022.06.29"]
[WhiteClock "0:00:05"]
[BlackClock "0:00:04"]

1. e4 c5 2. Nf3 Nc6 3. d4 cxd4 4. Nxd4 Nf6 5. Nc3 d6 6. Bc4 Qb6 7. Nb3 e6 8. Bf4 Ne5 9. Be3 Qc7 10. Be2 a6 11. f4 Nc4 12. Bxc4 Qxc4 13. Qf3 Be7 14. O-O-O O-O 15. g4 Bd7 16. g5 Ne8 17. f5 exf5 18. Nd5 Bd8 19. Rd4 Qc6 20. exf5 Rc8 21. c3 Nc7 22. Rhd1 b5 23. f6 g6 24. Rh4 Nxd5 25. Rxd5 Be6 26. Rhd4 Bb6 27. Qg3 Bxd4 28. Rxd4 Bxb3 29. axb3 Qh1+ 30. Rd1 Qe4 31. Qh3 h5 32. gxh6 Rfe8 33. h7+ Kh8 34. Bh6 Kxh7 35. Bf8+ Kg8 36. Qh6 Qe3+ 37. Qxe3 Rxe3 38. Bxd6 Rh3 39. Be7 Re8 40. Rd6 Rxh2 41. Rxa6 Rh1+ 42. Kc2 Rh2+ 43. Kb1 Rh1+ 44. Ka2 Re1 45. Rb6 Re5 46. b4 g5 47. Kb3 g4 48. c4 bxc4+ 49. Kxc4 g3 50. Ra6 g2 51. Ra1 Rg5 52. Rg1 Kh7 53. b5 Kg6 54. b6 Rb8 55. Bc5 Rc8 56. b4 Rb8 57. Kb5 Kxf6 58. Kc6 Ke6 59. b7 Rgg8 60. Ba7 f5 61. Bxb8 Rxb8 62. Rxg2 Ke5 63. Re2+ Kf4 64. Re7 Rf8 65. Kc7 Rf6 66. b8=Q Kg4 67. Kd7 f4 68. Rg7+ Kf5 69. Qc8 Ke4 70. Ke7 Rf5 71. Qc4+ Kf3 72. Qd3+ Kf2 73. Qxf5 1-0


[Site "https://www.chess.com"]

[Event "Titled Tuesday Blitz June 28 Late 2022"]
[White "Laurusas, Tomas"]
[Black "Terry, Renato"]
[WhiteFideId "12803731"]
[BlackFideId "3803457"]
[WhiteElo "2442"]
[BlackElo "2577"]
[Result "1-0"]
[Round "10"]
[TimeControl "180+1"]
[Date "2022.06.28"]
[WhiteClock "0:00:22"]
[BlackClock "0:00:07"]

1. d4 d5 2. c4 dxc4 3. e4 Nc6 4. Be3 Nf6 5. f3 e5 6. d5 Ne7 7. Bxc4 Ng6 8. Ne2 a6 9. Nbc3 Bd6 10. Qd2 O-O 11. g4 b5 12. Bb3 Bd7 13. h4 a5 14. a4 bxa4 15. Bxa4 Rb8 16. h5 Nf4 17. Nxf4 exf4 18. Bxf4 Bxf4 19. Qxf4 Rxb2 20. Rh2 Rb4 21. Bxd7 Nxd7 22. h6 g6 23. Rxa5 Rb3 24. Rc2 Qh4+ 25. Ke2 g5 26. Qxc7 Nf6 27. Ra6 Qxh6 28. Qd6 Kg7 29. Kd3 Rc8 30. Qe5 Qg6 31. Rc6 Ra8 32. Kc4 Rba3 33. Rb2 R8a6 34. Rbb6 Rxb6 35. Rxb6 Ra8 36. Rc6 h6 37. Nb5 Re8 38. Qd4 h5 39. gxh5 Qh6 40. Nd6 1-0


[Site "https://www.chess.com"]

[Event "Titled Tuesday Blitz June 28 Late 2022"]
[White "Le Hetet, Nicolas"]
[Black "Ladan, Nicholas"]
[WhiteFideId "634824"]
[BlackFideId "30918855"]
[WhiteElo "2355"]
[BlackElo "2167"]
[Result "0-1"]
[Round "10"]
[TimeControl "180+1"]
[Date "2022.06.28"]
[WhiteClock "0:00:03"]
[BlackClock "0:00:05"]

1. e4 e5 2. Nf3 Nc6 3. d4 exd4 4. Nxd4 Bc5 5. Be3 Qf6 6. c3 Nge7 7. Bb5 b6 8. O-O O-O 9. b4 Nxd4 10. Bxd4 Bxd4 11. Qxd4 Qxd4 12. cxd4 a5 13. bxa5 Rxa5 14. Nc3 Nc6 15. Rfd1 Re8 16. a4 g6 17. f3 Na7 18. Nd5 c6 19. Nf6+ Kf8 20. Nxe8 cxb5 21. Nd6 bxa4 22. Kf2 Ba6 23. d5 Ke7 24. e5 b5 25. Ne4 b4 26. Rd4 b3 27. Rdxa4 Rxa4 28. Rxa4 Nb5 29. Rxa6 b2 30. Nd2 Nc3 31. Rb6 h5 32. Ke1 g5 33. Rxb2 Nxd5 34. Ne4 g4 35. fxg4 Nf4 36. Ra2 hxg4 37. Nf6 Nd3+ 38. Kf1 Nxe5 39. Nd5+ Ke6 40. Nf4+ Kf5 41. g3 Nf3 42. Kg2 Ke5 43. Ra7 Kd6 44. h4 Ke7 45. Ra4 Ne5 46. Nd5+ Ke6 47. Ne3 f5 48. h5 Kf6 49. h6 Nf7 0-1


[Site "https://www.chess.com"]

[Event "Titled Tuesday Blitz June 28 Late 2022"]
[White "Mangialardo, Tiago Carvalho"]
[Black "Winkels, Marcel"]
[WhiteFideId "2130718"]
[BlackFideId "1003887"]
[WhiteElo "2050"]
[BlackElo "1900"]
[Result "0-1"]
[Round "10"]
[TimeControl "180+1"]
[Date "2022.06.29"]
[WhiteClock "0:00:30"]
[BlackClock "0:01:29"]

1. e4 c5 2. Nf3 d6 3. d4 cxd4 4. Nxd4 Nf6 5. Nc3 a6 6. Be3 e5 7. Nb3 Be6 8. Be2 Nbd7 9. Qd2 Be7 10. O-O b5 11. Bf3 O-O 12. Nd5 Bxd5 13. exd5 Nb6 14. Bxb6 Qxb6 15. Rfe1 a5 16. Nc1 Rac8 17. Nd3 b4 18. a3 Rc4 19. axb4 axb4 20. Ra4 Rb8 21. b3 Rd4 22. Qe3 h6 0-1


[Site "https://www.chess.com"]

[Event "Titled Tuesday Blitz June 28 Late 2022"]
[White "Martinez, Shawn"]
[Black "Ricaurte Lopez, Juan Carlos"]
[WhiteFideId "2039770"]
[BlackFideId "3600327"]
[WhiteElo "2174"]
[BlackElo "2209"]
[Result "1-0"]
[Round "10"]
[TimeControl "180+1"]
[Date "2022.06.29"]
[WhiteClock "0:00:16"]
[BlackClock "0:00:02"]

1. e4 e5 2. Nf3 d5 3. d4 dxe4 4. Nxe5 Bd6 5. Nc3 Bxe5 6. dxe5 Qxd1+ 7. Nxd1 Nc6 8. Bb5 Bd7 9. Bf4 Nge7 10. Bxc6 Bxc6 11. Nc3 O-O-O 12. O-O Nd5 13. Nxd5 Rxd5 14. Rfe1 Rd7 15. c4 a5 16. b3 Rhd8 17. h3 Rd3 18. Re3 h6 19. Rae1 Kd7 20. f3 Rxe3 21. Rxe3 exf3 22. gxf3 Ke6 23. Kf2 Rd1 24. Re2 g5 25. Bh2 Kf5 26. Kg3 Rd3 27. Rf2 Kxe5 28. Kg4+ Kd4 29. Bxc7 a4 30. Bb6+ Kc3 31. Ba5+ Kd4 32. Rd2 Rxd2 33. Bxd2 axb3 34. axb3 Ke5 35. Bc3+ Ke6 36. f4 f5+ 37. Kg3 gxf4+ 38. Kxf4 h5 39. Bb4 Bg2 40. h4 Bf1 41. Bf8 Be2 42. Ke3 Bd1 43. b4 Bb3 44. Kd4 Bd1 45. Bh6 Be2 46. Bf4 Bf1 47. Kc5 Be2 48. Kb6 Bxc4 49. Kxb7 Kd5 50. Kb6 Ke4 51. Bd6 1-0


[Site "https://www.chess.com"]

[Event "Titled Tuesday Blitz June 28 Late 2022"]
[White "Matlakov, Maxim"]
[Black "Zhu, Jiner"]
[WhiteFideId "4168003"]
[BlackFideId "8608059"]
[WhiteElo "2669"]
[BlackElo "2281"]
[Result "1-0"]
[Round "10"]
[TimeControl "180+1"]
[Date "2022.06.28"]
[WhiteClock "0:00:16"]
[BlackClock "0:00:03"]

1. Nf3 Nf6 2. g3 d5 3. Bg2 e6 4. O-O c5 5. d3 Nc6 6. e4 dxe4 7. dxe4 Qxd1 8. Rxd1 Nxe4 9. Na3 Bd7 10. Nb5 O-O-O 11. Ng5 Nxg5 12. Bxg5 f6 13. Be3 Be7 14. Nd6+ Bxd6 15. Rxd6 Nd4 16. Bxd4 cxd4 17. Rxd4 Bc6 18. Rc4 Kc7 19. Bxc6 bxc6 20. Re1 e5 21. Re3 Rd1+ 22. Kg2 Rhd8 23. Ra3 Kb6 24. Rb3+ Kc7 25. Ra4 R8d2 26. Rxa7+ Kd6 27. Rc3 e4 28. Rxg7 Re2 29. Rf7 Ke6 30. Rxh7 Rdd2 31. Kh3 Rxf2 32. Kg4 Rxc2 33. Rh8 Rxc3 34. bxc3 Rxa2 35. Re8+ Kd5 36. h4 Rf2 37. h5 f5+ 38. Kg5 Rf3 39. h6 Rxg3+ 40. Kxf5 Rxc3 41. Rd8+ Kc4 42. h7 Rh3 43. h8=Q Rxh8 44. Rxh8 e3 45. Ke4 e2 46. Rh1 Kc3 47. Ke3 c5 48. Kxe2 Kc2 49. Rh4 Kc3 50. Kd1 1-0


[Site "https://www.chess.com"]

[Event "Titled Tuesday Blitz June 28 Late 2022"]
[White "Melikhov, Evgeny V."]
[Black "Aggelis, Nikolaos"]
[WhiteFideId "4122046"]
[BlackFideId "4213220"]
[WhiteElo "1904"]
[BlackElo "2154"]
[Result "1-0"]
[Round "10"]
[TimeControl "180+1"]
[Date "2022.06.29"]
[WhiteClock "0:00:06"]
[BlackClock "0:00:02"]

1. d4 Nf6 2. c4 g6 3. Nc3 d5 4. Nf3 Bg7 5. e3 O-O 6. Be2 c5 7. O-O cxd4 8. exd4 dxc4 9. Bxc4 a6 10. Re1 b5 11. Bf1 Nc6 12. Be3 Be6 13. Qd2 Rc8 14. Bh6 Bd5 15. Bxg7 Kxg7 16. Ne5 e6 17. Rad1 Qd6 18. h3 Rfd8 19. Ng4 Nxg4 20. hxg4 h6 21. g5 hxg5 22. Qxg5 Rh8 23. f4 Rh5 24. Qg3 Rch8 25. Nxd5 Qxd5 26. Qe3 Qxa2 27. d5 Nd8 28. Qc3+ Kg8 29. dxe6 Nxe6 30. Rd7 Rc5 31. Qf6 Rf5 32. Qe7 Qa5 33. Rxe6 Qa2 34. Rxg6+ Kh7 35. Rg4 Rg8 36. Rh4+ Kg7 37. Qd6 Rf6 38. Qe5 1-0


[Site "https://www.chess.com"]